 Dungeon Crawl Stone Soup version 0.20-a0-892-gbf43aa3 (webtiles) character file.

25 Foodle the Magician (level 2, -9/18 HPs)
             Began as a Deep Elf Wanderer on Mar 18, 2017.
             Was an Initiate of Kikubaaqudgha.
             Mangled by a gnoll
             ... wielding a +0 halberd
              (18 damage)
             ... on level 2 of the Dungeon.
             The game lasted 00:11:23 (1210 turns).

Foodle the Magician (Deep Elf Wanderer)             Turns: 1210, Time: 00:11:29

Health: -9/18      AC:  2    Str: 11    XL:     2   Next: 86%
Magic:  3/10       EV: 11    Int: 15    God:    Kikubaaqudgha [......]
Gold:   35         SH:  0    Dex: 13    Spells: 4/11 levels left

rFire    . . .     SeeInvis .   b - +0 hand axe
rCold    . . .     Gourm    .   d - +0 robe
rNeg     . . .     Faith    .   (no shield)
rPois    .         Spirit   .   (no helmet)
rElec    .         Reflect  .   (no cloak)
rCorr    .         Harm     .   (no gloves)
MR       .....                  (no boots)
Stlth    ++........             (no amulet)
Regen    0.1/turn               (no ring)
MPRegen  0.2/turn               (no ring)

@: no status effects
A: no striking features
a: Renounce Religion


You were on level 2 of the Dungeon.
You worshipped Kikubaaqudgha.
Kikubaaqudgha was noncommittal.
You were not hungry.

You visited 1 branch of the dungeon, and saw 2 of its levels.

You collected 35 gold pieces.

Inventory:

Hand Weapons
 b - a +0 hand axe (weapon)
Armour
 d - a +0 robe (worn)
Wands
 q - a wand of random effects (27/48)
Scrolls
 g - 2 scrolls of enchant weapon {unknown}
 i - a scroll of teleportation {unknown}
 j - a scroll of recharging {unknown}
 l - a scroll of blinking {unknown}
 n - a scroll of magic mapping {unknown}
 o - a scroll of identify {unknown}
 p - a scroll of fog {unknown}
Potions
 c - a potion of curing
 e - 3 potions of haste {unknown}
 h - a potion of invisibility {unknown}
 m - a potion of heal wounds {unknown}
Books
 a - a book of Minor Magic

   Spells                             Type                      Level
   a - Magic Dart                     Conjuration                  1
   b - Blink                          Translocation                2
   c - Call Imp                       Summoning                    2
   d - Slow                           Hexes                        2
   e - Conjure Flame                  Conjuration/Fire             3
   f - Mephitic Cloud                 Conjuration/Poison/Air       3
Comestibles
 f - 3 bread rations


   Skills:
 + Level 2.4 Fighting
   Level 1.1 Bows
 - Level 1.0 Throwing
 - Level 1.5 Armour
 - Level 1.2 Stealth
 - Level 5.0 Spellcasting


You had 4 spell levels left.
You knew the following spells:

 Your Spells              Type           Power        Failure   Level  Hunger
a - Magic Dart            Conj           #...         17%         1    None
b - Call Imp              Summ           #.......     28%         2    ##.....
c - Slow                  Hex            #.......     28%         2    ##.....
d - Blink                 Tloc           N/A          28%         2    ##.....


Dungeon Overview and Level Annotations

Branches:
Dungeon (2/15)

Altars:
Kikubaaqudgha
Nemelex Xobeh
Trog


Message History

Casting: Magic Dart
Confirm with . or Enter, or press ? or * to list all spells.
Aiming: Magic Dart
Press: ? - help, Shift-Dir - straight line, f - gnoll, p - gnoll
Aim: a gnoll, wielding a halberd The magic dart hits the gnoll.
The gnoll is moderately wounded.
Casting: Magic Dart
Confirm with . or Enter, or press ? or * to list all spells.
Aiming: Magic Dart
Press: ? - help, Shift-Dir - straight line, f/p - gnoll
Aim: a gnoll, wielding a halberd The magic dart hits the gnoll.
The gnoll is lightly wounded.
The gnoll hits you!
Ouch! That really hurt!
The gnoll hits you from afar with a halberd!!
Ouch! That really hurt!
You die...
Kikubaaqudgha rasps: "You have failed me!
Welcome... death!"

##.##########..#
#.#..#........#
#.#..#.######.#
#.#..(.# #.##
#.#(#### #..#
#.#.# #..#
##.#.# #..##
...#.# #...#
.....# #.#@#
.....# #.#g.#
####.# #.##g#
.....# #.# g#
..(..# #.# .#
.....# #.# .#
...^.# #.. ..
.....# ##. ..
...... .


You could see 3 gnolls.

Vanquished Creatures
  6 bats
  A giant cockroach (D:1)
  5 hobgoblins
  6 frilled lizards
  2 goblins (D:1)
  4 kobolds
  4 rats
28 creatures vanquished.

Notes
Turn   | Place    | Note
-------+----------+-------------------------------------------
     0 | D:1      | Foodle the Deep Elf Wanderer began the quest for the Orb.
     0 | D:1      | Foodle set off with: a book of Minor Magic, a +0 hand axe, a potion of curing, a +0 robe, a bread ration
     0 | D:1      | Reached XP level 1. HP: 12/12 MP: 7/7
     2 | D:1      | Learned a level 1 spell: Magic Dart
   182 | D:1      | Reached skill level 5 in Spellcasting
   366 | D:1      | Reached XP level 2. HP: 17/17 MP: 6/10
   370 | D:1      | Learned a level 2 spell: Call Imp
   373 | D:1      | Learned a level 2 spell: Slow
   376 | D:1      | Learned a level 2 spell: Blink
  1019 | D:2      | Found a sparkling altar of Nemelex Xobeh.
  1154 | D:2      | Found a bloodstained altar of Trog.
  1155 | D:2      | Found an ancient bone altar of Kikubaaqudgha.
  1159 | D:2      | Became a worshipper of Kikubaaqudgha
  1210 | D:2      | Mangled by a gnoll

Vault maps used:
D:1:      eino_arrival_water_star, minmay_crystal_water
D:2:      minitemple, uniq_natasha

Skill      XL: |  1  2 |
---------------+-------+-----
Spellcasting   | 5 |  5.0
Fighting       | 2 |  2.4
Bows           | |  1.1
Throwing       | |  1.0
Armour         | |  1.5
Stealth        | |  1.2

Action                   || total
-------------------------++-------
Melee: Hand axe          ||    20
 Cast: Magic Dart        ||    58
       Slow              ||     1
  Eat: Royal jelly       ||     1
Armor: Robe              ||     6
Dodge: Dodged            ||    14
